 Dungeon Crawl Stone Soup version 0.31-a0-237-g2d982f9f85 (webtiles) character file.

Game seed: 16448072686436053916

216 qw the Shooter (level 5, 0/32 HPs)
             Began as a Gargoyle Hexslinger on July 10, 2023.
             Slain by a scorpion (3 damage)
             ... on level 3 of the Dungeon.
             The game lasted 00:00:43 (2143 turns).

qw the Shooter (Gargoyle Hexslinger)                Turns: 2143, Time: 00:00:44

Health: 0/32       AC: 10    Str: 12    XL:     5   Next: 93%
Magic:  6/6        EV: 10    Int: 13    God:
Gold:   90         SH:  0    Dex: 14    Spells: 5/6 levels left

rFire   . . .        Y - +1 sling
rCold   . . .        (no shield)
rNeg    + . .        f - +0 ring mail
rPois   inf          (no helmet)
rElec   +            (no cloak)
rCorr   .            g - +0 pair of gloves
SInv    .            (no boots)
Will    .....        (no amulet)
Stlth   +            (no ring)
HPRegen 0.25/turn    (no ring)
MPRegen 0.10/turn

%: no passive effects
@: no status effects
A: sickness immunity, AC +4, negative energy resistance 1, electricity
resistance, torment resistance 1, petrification resistance
a: no special abilities


You were on level 3 of the Dungeon.
You visited 1 branch of the dungeon, and saw 3 of its levels.

You collected 90 gold pieces.


Innate Abilities, Weirdness & Mutations

You are immune to sickness and miasma.
Your stone body is resilient. (AC +4)
You are immune to poison.
You resist negative energy. (rN+)
You are resistant to electric shocks. (rElec)
You are resistant to unholy torment.
You are immune to petrification.


   Skills:
 - Level 3.1 Fighting
 + Level 5.0 Ranged Weapons
 - Level 1.4 Armour
 - Level 1.5 Dodging
 - Level 1.0 Spellcasting
 - Level 2.6 Hexes


You had 5 spell levels left.
You knew the following spells:

 Your Spells              Type           Power      Damage    Failure   Level
a - Slow                  Hex            28%        N/A       21%         1

Your spell library contained the following spells:

 Spells                   Type           Power      Damage    Failure   Level
 Inner Flame              Hex/Fire       4%         N/A       71%         3
 Portal Projectile        Hex/Tloc       8%         N/A       71%         3
 Cause Fear               Hex            3%         N/A       90%         4

Inventory:

Hand Weapons
 Y - a +1 sling (weapon)
Armour
 b - the +1 leather armour of Trumpets {Harm rPois Dex+4}
   (You found it on level 2 of the Dungeon)

   Dex:       It affects your dexterity (+4).
   rPois:     It protects you from poison.
   Harm:      It increases damage dealt and taken.
 f - a +0 ring mail (worn)
 g - a +0 pair of gloves (worn)
Potions
 a - a potion of might {unknown}
 c - a potion of curing {unknown}
 e - a potion of attraction {unknown}
 h - a potion of mutation {unknown}
 i - a potion of lignification {unknown}

Dungeon Overview and Level Annotations

Branches:
Dungeon (3/15)

Altars:
Xom


Message History

The sling bullet closely misses the scorpion.
The bat misses you. The scorpion barely misses you.
You shoot a sling bullet.
The sling bullet barely misses the scorpion.
The bat barely misses you. The bat hits you but does no damage.
The scorpion stings you.
The scorpion stings you but does no damage.
You shoot a sling bullet. The sling bullet hits the scorpion.
The scorpion is moderately wounded.
The bat hits you but does no damage. The scorpion stings you.
The bat hits you but does no damage.
You shoot a sling bullet.
The sling bullet hits the scorpion but does no damage.
The scorpion is moderately wounded.
The bat misses you.
The scorpion stings you but does no damage.
The bat hits you but does no damage. The scorpion stings you.
You shoot a sling bullet.
The sling bullet hits the scorpion but does no damage.
The scorpion is lightly wounded.
The bat hits you but does no damage. The scorpion misses you.
The bat barely misses you.
You shoot a sling bullet. The sling bullet hits the scorpion!
The scorpion is heavily wounded.
The bat hits you but does no damage.
The scorpion stings you but does no damage. x2
You shoot a sling bullet. The sling bullet hits the scorpion.
The scorpion is heavily wounded.
The bat barely misses you.
The scorpion stings you but does no damage.
You shoot a sling bullet. The sling bullet hits the scorpion.
The scorpion is heavily wounded.
The scorpion completely misses you. The bat barely misses you.
The scorpion closely misses you.
You shoot a sling bullet.
The sling bullet hits the scorpion but does no damage.
The scorpion is heavily wounded.
The bat barely misses you. The bat hits you but does no damage.
The scorpion stings you.
You die...

##.### .....
.... ...
..#### ....
##s# ####
#)@# ...
##b##
#####.####..#
...........##
........%###
.........#
#####.##.#
#.##.########
#............


You could see a scorpion and a bat.

Vanquished Creatures
  2 jellies (D:3)
  An orc priest (D:3)
  An orc wizard (D:3)
  6 adders
  2 worms (D:2)
  An orc (D:3)
  3 ball pythons
  6 bats
  4 endoplasms
  3 goblins
  3 hobgoblins
  2 quokkas
  6 frilled lizards
  6 kobolds
  4 rats
50 creatures vanquished.

Notes
Turn   | Place    | Note
-------+----------+-------------------------------------------
     0 | D:1      | qw the Gargoyle Hexslinger began the quest for the Orb.
     0 | D:1      | Reached XP level 1. HP: 12/12 MP: 2/2
     0 | D:1      | 0 ||| qw: Version: 0.3-a-52-g30416fa
     0 | D:1      | 0 ||| qw: Game counter: 4994
     0 | D:1      | 0 ||| qw: Melee chars always use a shield: true
     0 | D:1      | 0 ||| qw: God list: Okawaru
     0 | D:1      | 0 ||| qw: Allow faded altars: false
     0 | D:1      | 0 ||| qw: Do Orc after clearing Dungeon:15 true
     0 | D:1      | 0 ||| qw: Do second Lair branch before Depths: true
     0 | D:1      | 0 ||| qw: Lair rune preference: random
     0 | D:1      | 0 ||| qw: Goals: Normal
     0 | D:1      | 0 ||| PLANNING D:1-11
   197 | D:1      | Reached XP level 2. HP: 16/16 MP: 3/3
   312 | D:1      | Reached skill level 3 in Ranged Weapons
   568 | D:1      | 568 ||| UPGRADING to +0 ring mail.
   578 | D:1      | 578 ||| DROPPING +0 robe.
   579 | D:1      | 579 ||| UPGRADING to +0 pair of gloves.
   584 | D:1      | 584 ||| READING scroll labelled MUSA CUNODA.
   585 | D:1      | 585 ||| DROPPING scroll of poison.
   704 | D:2      | Reached XP level 3. HP: 21/21 MP: 4/4
   870 | D:2      | Reached skill level 1 in Armour
  1027 | D:2      | Found a faded altar of an unknown god.
  1201 | D:2      | Identified the +1 leather armour of Trumpets {Harm rPois
                  | Dex+4}
  1280 | D:2      | Reached XP level 4. HP: 24/26 MP: 5/5
  1640 | D:2      | 1640 ||| READING scroll labelled HUTIMA QITOPY.
  1781 | D:3      | 1781 ||| STAIRDANCE
  1858 | D:3      | Reached skill level 4 in Ranged Weapons
  1861 | D:3      | Found a shimmering altar of Xom.
  1877 | D:3      | Reached XP level 5. HP: 30/30 MP: 6/6
  2124 | D:3      | Reached skill level 5 in Ranged Weapons
  2135 | D:3      | Reached skill level 3 in Fighting
  2136 | D:3      | HP: 8/32 [scorpion (5)]
  2138 | D:3      | HP: 1/32 [scorpion (4)]
  2143 | D:3      | Slain by a scorpion

Levels and vault maps discovered:
D:1:      shiori_shiawase, layout_basic
D:2:      layout_loops_corners, shapermc_ecumenical_altar_flowoftime
D:3:      layout_basic, dk_xom_monty_hall, kennysheep_slug_shrine

Skill      XL: |  1  2  3  4  5 |
---------------+----------------+-----
Ranged Weapons | 3 4 5 |  5.0
Fighting       | 2 3 |  3.1
Armour         | 1 |  1.4
Dodging        | |  1.5
Spellcasting   | |  1.0
Hexes          | |  2.6

Action                     |  1- 3 |  4- 6 || total
---------------------------+-------+-------++-------
   Fire: Sling             |   113 |    71 ||   184
    Use: Scroll            |     1 |     1 ||     2
 Armour: Robe              |     4 |       ||     4
         Ring mail         |    17 |    39 ||    56
  Dodge: Dodged            |    35 |    41 ||    76

Table legend:
 A = Non-vault XP
 B = Vault XP
 C = Vault XP percentage of total XP
 D = Non-vault monster count
 E = Vault monster count
 F = Vault count percentage of total count
                 A         B        C        D         E       F
            +---------+---------+-------+---------+---------+-------
      Total |     221 |      88 |  28.5 |      48 |       2 |   4.0
            +---------+---------+-------+---------+---------+-------
        D:1 |      24 |       0 |   0.0 |      14 |       0 |   0.0
        D:2 |      61 |       0 |   0.0 |      21 |       0 |   0.0
        D:3 |     136 |      88 |  39.3 |      13 |       2 |  13.3
            +---------+---------+-------+---------+---------+-------
